 Dungeon Crawl Stone Soup version 0.31-a0-233-g139696dc86 (webtiles) character file.

Game seed: 4799642068338836853

86 qw the Shooter (level 4, -1/36 HPs)
             Began as a Minotaur Hexslinger on July 8, 2023.
             Slain by an orc
             ... wielding a +0 hand axe
              (4 damage)
             ... on level 2 of the Dungeon.
             The game lasted 00:00:40 (1375 turns).

qw the Shooter (Minotaur Hexslinger)                Turns: 1375, Time: 00:00:41

Health: -1/36      AC:  5    Str: 12    XL:     4   Next: 27%
Magic:  4/4        EV: 11    Int: 10    God:
Gold:   45         SH:  0    Dex: 15    Spells: 4/5 levels left

rFire   . . .        Y - +1 sling
rCold   . . .        (no shield)
rNeg    . . .        i - +0 ring mail
rPois   .            (helmet restricted)
rElec   .            (no cloak)
rCorr   .            (no gloves)
SInv    .            (no boots)
Will    .....        (no amulet)
Stlth   +            (no ring)
HPRegen 0.26/turn    (no ring)
MPRegen 0.09/turn

%: no passive effects
@: about to teleport
A: horns 2, retaliatory headbutt
a: no special abilities


You were on level 2 of the Dungeon.
You visited 1 branch of the dungeon, and saw 2 of its levels.

You collected 84 gold pieces.
You spent 39 gold pieces at shops.


Innate Abilities, Weirdness & Mutations

You have a pair of horns on your head.
You reflexively headbutt those who attack you in melee.


   Skills:
 - Level 2.0 Fighting
 + Level 4.5 Ranged Weapons
 - Level 1.3 Armour
 - Level 2.1 Dodging
 - Level 1.0 Spellcasting
 - Level 2.0 Hexes


You had 4 spell levels left.
You knew the following spells:

 Your Spells              Type           Power      Damage    Failure   Level
a - Slow                  Hex            16%        N/A       32%         1

Your spell library contained the following spells:

 Spells                   Type           Power      Damage    Failure   Level
 Inner Flame              Hex/Fire       2%         N/A       83%         3
 Portal Projectile        Hex/Tloc       4%         N/A       83%         3
 Cause Fear               Hex            2%         N/A       97%         4

Inventory:

Hand Weapons
 Y - a +1 sling (weapon)
Armour
 i - a +0 ring mail (worn)
Jewellery
 a - a +5 ring of evasion
Scrolls
 b - a scroll of blinking {unknown}
 c - a scroll of teleportation
 e - a scroll of fog {unknown}
Potions
 d - a potion of degeneration {unknown}
 f - a potion of magic {unknown}
 g - 2 potions of attraction {unknown}
 h - a potion of curing {unknown}
 j - a potion of invisibility {unknown}
 k - 3 potions of might {unknown}

Dungeon Overview and Level Annotations

Branches:
Dungeon (2/15)

Altars:

Shops:
D:1 *


Message History

An orc comes into view. It is wielding a +0 club.
The orc throws a boomerang.
The boomerang closely misses you.
A goblin comes into view. It is wielding a +0 club.
An orc comes into view. It is wielding a +0 falchion.
A puff of flame appears from out of thin air!
The puff of flame hits you.
An orc comes into view. It is wielding a +0 falchion.
Something hits you but does no damage. Something hits you.
The goblin hits you but does no damage. The goblin misses you.
Something hits you. The goblin hits you but does no damage.
The orc hits you with a +0 falchion. Something hits you but does no damage.
The goblin closely misses you.
You feel less confused. The orc barely misses you.
Something hits you but does no damage. The goblin hits you but does no damage.
You shoot a sling bullet. The sling bullet hits the orc.
The orc is lightly wounded.
The orc hits you with a +0 falchion. Something hits you but does no damage.
The goblin closely misses you.
You shoot a sling bullet. The sling bullet hits the orc.
The orc is almost dead.
The orc barely misses you. Something hits you but does no damage.
The goblin closely misses you. The orc hits you with a +0 falchion.
The goblin barely misses you. Something hits you.
You shoot a sling bullet.
The sling bullet closely misses the orc.
The sling bullet hits the orc.
The orc is heavily wounded.
The orc barely misses you. Something hits you. The goblin closely misses you.
You shoot a sling bullet. The sling bullet hits the orc.
You kill the orc!
You hear some strange, mumbled words.
A puff of flame appears from out of thin air!
The puff of flame hits you! The goblin misses you.
1375 ||| READING 2 scrolls of teleportation.
As you read the scroll of teleportation, it crumbles to dust.
You feel strangely unstable. Something hits you.
The orc hits you with a +0 hand axe.
You die...

##..........##
##............##
#.............<#
#..............#####
#..............#>..#
#..............#..#
#................#
##..g{.%......#.####
##oo@.............##
....o####............)##
....# #..............#
..## #............... .
#...............
#...............
#..............#
#.............##
#............##


You could see 3 orcs and a goblin.

Vanquished Creatures
  3 adders
  2 dart slugs
  A worm (D:2)
  An orc (D:2)
  5 ball pythons (D:1)
  A bat (D:2)
  7 endoplasms
  A giant cockroach (D:1)
  2 goblins (D:1)
  4 hobgoblins
  5 jackals
  6 kobolds
  4 quokkas (D:1)
  4 frilled lizards (D:1)
  2 rats
48 creatures vanquished.

Notes
Turn   | Place    | Note
-------+----------+-------------------------------------------
     0 | D:1      | qw the Minotaur Hexslinger began the quest for the Orb.
     0 | D:1      | Reached XP level 1. HP: 16/16 MP: 1/1
     0 | D:1      | 0 ||| qw: Version: 0.3-a-46-gb1f654a
     0 | D:1      | 0 ||| qw: Game counter: 3625
     0 | D:1      | 0 ||| qw: Melee chars always use a shield: true
     0 | D:1      | 0 ||| qw: God list: Okawaru
     0 | D:1      | 0 ||| qw: Allow faded altars: false
     0 | D:1      | 0 ||| qw: Do Orc after clearing Dungeon:15 true
     0 | D:1      | 0 ||| qw: Do second Lair branch before Depths: true
     0 | D:1      | 0 ||| qw: Lair rune preference: random
     0 | D:1      | 0 ||| qw: Goals: Normal
     0 | D:1      | 0 ||| PLANNING D:1-11
   158 | D:1      | Reached skill level 3 in Ranged Weapons
   159 | D:1      | Reached XP level 2. HP: 23/23 MP: 2/2
   187 | D:1      | 187 ||| UPGRADING to +0 leather armour.
   210 | D:1      | 210 ||| DROPPING +0 robe.
   334 | D:1      | 334 ||| Stepping ~*~*~tactically~*~*~ (water).
   386 | D:1      | Found Luycsun's General Store.
   397 | D:1      | 397 ||| SHOPLISTING +0 ring mail (52 gold, have 45).
   397 | D:1      | 397 ||| SHOPLISTING 2 potions of might (104 gold, have 45).
   397 | D:1      | 397 ||| SHOPLISTING potion of mutation (104 gold, have 45).
   397 | D:1      | 397 ||| BUYING scroll of teleportation (39 gold).
   397 | D:1      | Bought a scroll of teleportation for 39 gold pieces
   397 | D:1      | 397 ||| SHOPLISTING scroll of teleportation (39 gold, have
                  | 6).
   543 | D:1      | Reached XP level 3. HP: 22/29 MP: 3/3
   855 | D:1      | 855 ||| UPGRADING to +0 ring mail.
   865 | D:1      | 865 ||| DROPPING +0 leather armour.
   996 | D:1      | 996 ||| READING scroll labelled WELILO ELOYMPA.
   997 | D:1      | 997 ||| READING 2 scrolls labelled KONEDE PABO.
   998 | D:1      | 998 ||| DRINKING 2 metallic emerald potions.
  1020 | D:1      | 1020 ||| DROPPING scroll of poison.
  1021 | D:1      | 1021 ||| DROPPING potion of lignification.
  1022 | D:1      | 1022 ||| DROPPING scroll of amnesia.
  1060 | D:2      | 1060 ||| STAIRDANCE
  1068 | D:1      | Reached skill level 4 in Ranged Weapons
  1141 | D:2      | Reached skill level 1 in Armour
  1217 | D:2      | Reached XP level 4. HP: 35/36 MP: 4/4
  1248 | D:2      | Found a faded altar of an unknown god.
  1374 | D:2      | HP: 5/36 [something/puff of flame (10)]
  1375 | D:2      | 1375 ||| READING 2 scrolls of teleportation.
  1375 | D:2      | Slain by an orc

Levels and vault maps discovered:
D:1:      dpeg_arrival_lava_temple_mockup, layout_loops_ring, serial_bayou,
          serial_bayou_pond_b, serial_bayou_lagoon_a, serial_bayou_lake_a,
          serial_bayou_pond_b, serial_shops, shop, minivault_5
D:2:      layout_rooms, hellmonk_ecumenical_altar_dog_temple,
          pf_guarded_unrand_delatra

Skill      XL: |  1  2  3 |
---------------+----------+-----
Ranged Weapons | 3 4 |  4.5
Fighting       | 2 |  2.0
Armour         | 1 |  1.3
Dodging        | |  2.1
Spellcasting   | |  1.0
Hexes          | |  2.0

Action                     |  1- 3 |  4- 6 || total
---------------------------+-------+-------++-------
   Fire: Sling             |   112 |    32 ||   144
    Use: Scroll            |     2 |     1 ||     3
         Potion            |     1 |       ||     1
 Armour: Robe              |     1 |       ||     1
         Leather armour    |    10 |       ||    10
         Ring mail         |     4 |    11 ||    15
  Dodge: Dodged            |    34 |    15 ||    49

Table legend:
 A = Non-vault XP
 B = Vault XP
 C = Vault XP percentage of total XP
 D = Non-vault monster count
 E = Vault monster count
 F = Vault count percentage of total count
                 A         B        C        D         E       F
            +---------+---------+-------+---------+---------+-------
      Total |     112 |      12 |   9.7 |      41 |       7 |  14.6
            +---------+---------+-------+---------+---------+-------
        D:1 |      63 |       8 |  11.3 |      29 |       5 |  14.7
        D:2 |      49 |       4 |   7.5 |      12 |       2 |  14.3
            +---------+---------+-------+---------+---------+-------
